[ AOE2 MATCH · #460228641 ]
UnrankedSpanish vs Cumans
[ REPLAY ANALYSIS · EXTRACTED FROM THE RECORDED GAME ]
Feudal
—
Castle
—
Imperial
—
| APM avg | 77.6 |
| APM peak | 123 |
| eAPM avg | 21.3 |
| Villagers / military | 14 / 0 |
Focus
⚔️ 54.5% · 🌾 45.5%
Feudal
—
Castle
—
Imperial
—
| APM avg | 45.3 |
| APM peak | 65 |
| eAPM avg | 15.8 |
| Villagers / military | 17 / 0 |
Focus
⚔️ 33.8% · 🌾 66.2%
Feudal
—
Castle
—
Imperial
—
| APM avg | 44.4 |
| APM peak | 61 |
| eAPM avg | 19.5 |
| Villagers / military | 12 / 0 |
Focus
⚔️ 48.9% · 🌾 51.1%
Feudal
—
Castle
—
Imperial
—
| APM avg | 68.0 |
| APM peak | 81 |
| eAPM avg | 30.3 |
| Villagers / military | 26 / 0 |
Focus
⚔️ 34.8% · 🌾 65.2%
Feudal
—
Castle
—
Imperial
—
| APM avg | 27.6 |
| APM peak | 50 |
| eAPM avg | 14.3 |
| Villagers / military | 22 / 0 |
Focus
⚔️ 24.6% · 🌾 75.4%
Feudal
—
Castle
—
Imperial
—
| APM avg | 67.0 |
| APM peak | 74 |
| eAPM avg | 24.6 |
| Villagers / military | 24 / 0 |
Focus
⚔️ 35.1% · 🌾 64.9%
Feudal
—
Castle
—
Imperial
—
| APM avg | 42.2 |
| APM peak | 57 |
| eAPM avg | 14.7 |
| Villagers / military | 20 / 0 |
Focus
⚔️ 6.2% · 🌾 93.8%
Feudal
—
Castle
—
Imperial
—
| APM avg | 54.5 |
| APM peak | 69 |
| eAPM avg | 12.7 |
| Villagers / military | 20 / 0 |
Focus
⚔️ 12.5% · 🌾 87.5%
Match map
Initial resources + every placement click. Lines = walls · curves = elevation contours. ◆ gold · ⬟ stone · ● berries · ✦ relic · ◌ wall gap
Your base
_SpAldInG_'s base
WRMD_llamatoast's base
C15-kyosokyoku's base
张横's base
hussar king's base
CSA_MR_Patrick's base
姜小鱼's base
Smoothed initial terrain · ◌ = detected wall gap · hover for details
Inputs per minute
— B站帝国时代2骑士老爷 - - _SpAldInG_
Build order — B站帝国时代2骑士老爷
20 actions detected in the replay
| 0:00 | Create | Villager (Male) |
| 0:02 | Build | House |
| 0:04 | Build | House |
| 0:21 | Create | Villager (Male) |
| 0:21 | Create | Villager (Male) |
| 0:21 | Create | Villager (Male) |
| 0:21 | Create | Villager (Male) |
| 1:25 | Create | Villager (Male) |
| 1:53 | Create | Villager (Male) |
| 1:58 | Build | Lumber Camp |
| 2:14 | Create | Villager (Male) |
| 2:41 | Create | Villager (Male) |
| 3:02 | Create | Villager (Male) |
| 3:25 | Create | Villager (Male) |
| 3:33 | Build | Mill |
| 3:58 | Create | Villager (Male) |
| 3:58 | Create | Villager (Male) |
| 4:01 | Build | House |
| 4:15 | Create | Villager (Male) |
| 4:26 | Build | House |
Build order — _SpAldInG_
22 actions detected in the replay
| 0:01 | Create | Villager (Male) |
| 0:02 | Create | Villager (Male) |
| 0:03 | Build | House |
| 0:04 | Build | House |
| 0:09 | Create | Villager (Male) |
| 0:15 | Create | Villager (Male) |
| 1:26 | Create | Villager (Male) |
| 1:26 | Create | Villager (Male) |
| 1:59 | Build | Lumber Camp |
| 2:08 | Create | Villager (Male) |
| 2:08 | Create | Villager (Male) |
| 2:08 | Create | Villager (Male) |
| 2:35 | Build | House |
| 2:59 | Create | Villager (Male) |
| 2:59 | Create | Villager (Male) |
| 2:59 | Create | Villager (Male) |
| 3:22 | Create | Villager (Male) |
| 3:30 | Create | Villager (Male) |
| 3:30 | Create | Villager (Male) |
| 4:12 | Create | Villager (Male) |
| 4:13 | Create | Villager (Male) |
| 4:15 | Build | Mill |
Build order — WRMD_llamatoast
16 actions detected in the replay
| 0:01 | Create | Villager (Male) |
| 0:02 | Create | Villager (Male) |
| 0:02 | Create | Villager (Male) |
| 0:02 | Create | Villager (Male) |
| 0:03 | Build | House |
| 0:04 | Build | House |
| 1:31 | Create | Villager (Male) |
| 2:02 | Create | Villager (Male) |
| 2:07 | Build | Lumber Camp |
| 2:26 | Create | Villager (Male) |
| 2:33 | Create | Villager (Male) |
| 3:16 | Create | Villager (Male) |
| 3:21 | Create | Villager (Male) |
| 3:40 | Create | Villager (Male) |
| 3:49 | Build | House |
| 4:05 | Create | Villager (Male) |
Build order — C15-kyosokyoku
27 actions detected in the replay
| 0:01 | Create | Villager (Male) ×4 |
| 0:02 | Create | Villager (Male) ×4 |
| 0:02 | Build | House |
| 0:04 | Build | House |
| 0:50 | Research | Loom |
| 1:11 | Create | Villager (Male) |
| 1:11 | Create | Villager (Male) |
| 1:43 | Create | Villager (Male) |
| 1:43 | Create | Villager (Male) |
| 2:15 | Create | Villager (Male) |
| 2:15 | Create | Villager (Male) |
| 2:24 | Build | Mule Cart |
| 2:33 | Create | Villager (Male) |
| 2:34 | Create | Villager (Male) |
| 2:57 | Create | Villager (Male) |
| 3:08 | Create | Villager (Male) |
| 3:09 | Create | Villager (Male) |
| 3:09 | Create | Villager (Male) |
| 3:47 | Create | Villager (Male) |
| 3:47 | Create | Villager (Male) |
| 3:47 | Create | Villager (Male) |
| 3:57 | Build | House |
| 4:05 | Build | House |
| 4:21 | Create | Villager (Male) |
| 4:21 | Create | Villager (Male) |
| 4:29 | Create | Villager (Male) |
| 4:39 | Build | House |
Build order — 张横
26 actions detected in the replay
| 0:01 | Create | Villager (Male) |
| 0:01 | Create | Villager (Male) |
| 0:01 | Create | Villager (Male) |
| 0:02 | Create | Villager (Male) |
| 0:02 | Create | Villager (Male) |
| 0:02 | Create | Villager (Male) |
| 0:03 | Build | House |
| 0:04 | Build | House |
| 1:26 | Create | Villager (Male) |
| 1:26 | Create | Villager (Male) |
| 1:44 | Build | Settlement |
| 1:59 | Create | Villager (Male) |
| 1:59 | Create | Villager (Male) |
| 2:00 | Create | Villager (Male) |
| 2:18 | Create | Villager (Male) |
| 2:18 | Create | Villager (Male) |
| 2:46 | Create | Villager (Male) |
| 2:47 | Create | Villager (Male) |
| 3:01 | Create | Villager (Male) |
| 3:02 | Create | Villager (Male) |
| 3:02 | Create | Villager (Male) |
| 3:33 | Create | Villager (Male) |
| 3:33 | Create | Villager (Male) |
| 3:49 | Create | Villager (Male) |
| 3:50 | Create | Villager (Male) |
| 3:52 | Build | Settlement |
Build order — hussar king
28 actions detected in the replay
| 0:01 | Create | Villager (Male) |
| 0:02 | Create | Villager (Male) |
| 0:03 | Build | House |
| 0:04 | Build | House |
| 0:16 | Create | Villager (Male) |
| 0:30 | Create | Villager (Male) |
| 0:31 | Create | Villager (Male) |
| 1:28 | Create | Villager (Male) |
| 1:29 | Create | Villager (Male) |
| 2:01 | Create | Villager (Male) |
| 2:01 | Create | Villager (Male) |
| 2:13 | Build | Mill |
| 2:14 | Create | Villager (Male) |
| 2:14 | Create | Villager (Male) |
| 2:49 | Create | Villager (Male) |
| 2:49 | Create | Villager (Male) |
| 3:08 | Create | Villager (Male) |
| 3:08 | Create | Villager (Male) |
| 3:09 | Create | Villager (Male) |
| 3:27 | Create | Villager (Male) |
| 3:28 | Create | Villager (Male) |
| 3:38 | Create | Villager (Male) |
| 3:51 | Build | House |
| 3:57 | Create | Villager (Male) |
| 4:26 | Create | Villager (Male) |
| 4:38 | Create | Villager (Male) |
| 4:38 | Create | Villager (Male) |
| 4:40 | Create | Villager (Male) |
Build order — CSA_MR_Patrick
25 actions detected in the replay
| 0:01 | Create | Villager (Male) |
| 0:01 | Create | Villager (Male) |
| 0:02 | Create | Villager (Male) |
| 0:02 | Create | Villager (Male) |
| 0:03 | Build | House |
| 0:05 | Build | House |
| 1:18 | Create | Villager (Male) |
| 1:18 | Create | Villager (Male) |
| 1:26 | Build | Lumber Camp |
| 1:49 | Create | Villager (Male) |
| 1:50 | Create | Villager (Male) |
| 2:14 | Create | Villager (Male) |
| 2:14 | Create | Villager (Male) |
| 2:33 | Create | Villager (Male) |
| 2:34 | Create | Villager (Male) |
| 2:38 | Build | House |
| 2:39 | Build | House |
| 3:10 | Create | Villager (Male) |
| 3:11 | Create | Villager (Male) |
| 3:25 | Create | Villager (Male) |
| 3:25 | Create | Villager (Male) |
| 3:59 | Create | Villager (Male) |
| 3:59 | Create | Villager (Male) |
| 4:13 | Create | Villager (Male) |
| 4:13 | Create | Villager (Male) |
Build order — 姜小鱼
26 actions detected in the replay
| 0:01 | Create | Villager (Male) |
| 0:01 | Create | Villager (Male) |
| 0:02 | Create | Villager (Male) |
| 0:02 | Build | House |
| 0:04 | Build | House |
| 0:04 | Create | Villager (Male) |
| 1:30 | Create | Villager (Male) |
| 1:31 | Create | Villager (Male) |
| 1:47 | Build | Lumber Camp |
| 2:02 | Create | Villager (Male) |
| 2:02 | Create | Villager (Male) |
| 2:21 | Create | Villager (Male) |
| 2:21 | Create | Villager (Male) |
| 2:53 | Create | Villager (Male) |
| 2:53 | Create | Villager (Male) |
| 3:26 | Create | Villager (Male) |
| 3:26 | Create | Villager (Male) |
| 3:37 | Create | Villager (Male) |
| 3:37 | Create | Villager (Male) |
| 3:52 | Build | House |
| 3:53 | Build | House |
| 4:02 | Create | Villager (Male) |
| 4:03 | Create | Villager (Male) |
| 4:14 | Create | Villager (Male) |
| 4:15 | Create | Villager (Male) |
| 4:17 | Build | Mill |
Match timeline
| 4:25 | WRMD_llamatoast · resign |
[ AI ANALYSIS · 1 CREDIT ]
What really happened in this match?
Wolo.gg analyzes every decision: build order, eco, micro, common mistakes by bracket. Personalized analysis on WhatsApp or Discord in 30 seconds.
Civ guide
Spanish
Perfil
Jugador #24073031